 Dungeon Crawl Stone Soup version 0.31-a0-1019-g3dd9dd1025 (webtiles) character file.

Game seed: 14782428046030416326

818 ChronoRanger the Caller (level 7, 0/31 HPs)
             Began as a Felid Summoner on Nov 17, 2023.
             Succumbed to a kobold brigand's poison
             ... on level 6 of the Dungeon.
             The game lasted 00:29:34 (6890 turns).

ChronoRanger the Caller (Felid Summoner)            Turns: 6890, Time: 00:29:34

Health: 0/31       AC:  2    Str:  4    XL:     7   Next: 62%
Magic:  2/14       EV: 19    Int: 19    God:
Gold:   281        SH:  0    Dex: 16    Spells: 1/14 levels left
                                        Lives:  0   Deaths: 3

rFire   . . .        (weapon unavailable)
rCold   . . .        (shield unavailable)
rNeg    . . .        (body armour unavailable)
rPois   .            (helmet unavailable)
rElec   .            (cloak unavailable)
rCorr   .            (gloves unavailable)
SInv    +            (boots unavailable)
Will    ++...        (no amulet)
Stlth   ++           f - ring of willpower
HPRegen 0.25/turn    (no ring)
MPRegen 0.14/turn

%: no passive effects
@: lethally poisoned (0 -> -1), quick
A: very small, claws 1, fangs 3, see invisible, speed 1, shaggy fur 2, stealthy
paws, no weapons or thrown items, no armour, multi-lived
a: no special abilities


You were on level 6 of the Dungeon.
You visited 1 branch of the dungeon, and saw 6 of its levels.

You collected 281 gold pieces.

Inventory:

Jewellery
 f - a ring of willpower (left paw)
Wands
 l - a wand of light (6)
 r - a wand of flame (29)
 s - a wand of paralysis (14)
Scrolls
 b - 2 scrolls of poison
 e - a scroll of amnesia
 g - a scroll of immolation {unknown}
 j - a scroll of teleportation {unknown}
 k - a scroll of revelation {unknown}
 m - a scroll of summoning {unknown}
 q - a scroll of silence {unknown}
 t - a scroll of enchant armour {unknown}
 v - a scroll of fog
 x - a scroll of vulnerability {unknown}
Potions
 a - a potion of magic
 c - 2 potions of brilliance
 d - 3 potions of haste {unknown}
 h - a potion of cancellation
 i - a potion of degeneration {unknown}
 n - a potion of ambrosia {unknown}
 o - a potion of resistance {unknown}
 p - a potion of might {unknown}
 u - a potion of heal wounds {unknown}
 w - a potion of curing {unknown}


   Skills:
 + Level 3.0 Fighting
 + Level 5.1 Dodging
 - Level 2.6 Stealth
 + Level 4.4 Spellcasting
 + Level 4.6 Hexes
 + Level 6.0 Summonings


You had one spell level left.
You knew the following spells:

 Your Spells              Type           Power      Damage    Failure   Level
a - Summon Small Mammal   Summ           100%       N/A       1%          1
b - Call Imp              Summ           54%        N/A       1%          2
c - Call Canine Familiar  Summ           27%        N/A       3%          3
d - Summon Guardian Gole  Hex/Summ       24%        N/A       4%          3
e - Summon Lightning Spi  Summ/Air       15%        N/A       36%         4

Your spell library contained the following spells:

 Spells                   Type           Power      Damage    Failure   Level
 Slow                     Hex            84%        N/A       1%          1
 Shock                    Conj/Air       16%        1d4       13%         1
 Sting                    Tmut/Pois      16%        1d3       13%         1
 Confusing Touch          Hex            21%        N/A       6%          3
 Sigil of Binding         Hex            21%        N/A       6%          3
 Poisonous Vapours        Pois/Air       8%         N/A       21%         2
 Stone Arrow              Conj/Erth      8%         3d7       36%         3
 Swiftness                Air            4%         N/A       36%         3
 Vampiric Draining        Necr           4%         2d6       36%         3
 Airstrike                Air            2%         2d(1-17)  78%         4
 Olgreb's Toxic Radiance  Pois           4%         N/A       78%         4
 Lehudib's Crystal Spear  Conj/Erth      2%         10d2      100%        8
 Animate Armour           Summ/Erth      Unusable   N/A       N/A         4

Dungeon Overview and Level Annotations

Branches:
Dungeon (6/15)
 Temple: D:4-7

Altars:
Vehumet
Zin

Annotations:
D:6 1 runed translucent door


Innate Abilities, Weirdness & Mutations

You have sharp claws.
You have razor-sharp teeth.
You have supernaturally acute eyesight. (SInv)
You cover ground quickly. (Speed+)
You are covered in thick fur. (AC +2)
Your paws help you pounce on unaware monsters.
You are incapable of wielding weapons or throwing items.
You cannot wear armour.
You gain extra lives every three experience levels.


Message History

The kobold hits your guardian golem but does no damage.
The kobold hits your hound but does no damage.
The gnoll hits your hound with a +0 spear.
The kobold brigand throws a poisoned dart.
The poisoned dart barely misses you.
Your hound bites the gnoll.
Your quokka bites the kobold brigand but does no damage.
You feel sick.
You are no longer poisoned.
The kobold barely misses your hound.
Your quokka misses the kobold brigand.
The kobold hits your guardian golem but does no damage.
Your quokka bites the kobold brigand.
The kobold brigand throws a poisoned dart.
The poisoned dart hits you.
You are lethally poisoned!
The kobold throws a stone.
The stone barely misses your guardian golem.
The stone hits the kobold.
The gnoll hits your guardian golem with a +0 spear.
* * * LOW HITPOINT WARNING * * *
You feel sick.
Your hound closely misses the kobold brigand.
Your quokka barely misses the kobold brigand.
Your hound closely misses the kobold brigand.
Okay, then.
* * * LOW HITPOINT WARNING * * *
You feel sick.
Your quokka bites the kobold brigand.
The kobold barely misses your quokka.
* * * LOW HITPOINT WARNING * * *
You feel sick.
Casting: Summon Small Mammal (safe; 1% risk of failure)
Confirm with . or Enter, or press ? or * to list all spells.
A guardian golem appears, shielding your allies.
* * * LOW HITPOINT WARNING * * *
You feel sick.
Your guardian golem disappears in a puff of smoke!
Your hound barely misses the kobold brigand.
* * * LOW HITPOINT WARNING * * *
You feel sick.
You swap places.
You die...

### ####.# ### # #(#†## ##.## #
#. ##.######...# ####### #.
##).##......## ##.#(#..
#.###.#)#####..## ######.##.###
#.#.##.# ##.# #..>#..##.##.
#..###.## #.# ##..#...#..##.
####.## ##.## #@# #..####....#..
..#..## #...####9###..# #....#..
#.....###........##...# ##......
##.###..........K.#..## ##...##..
#..# #..##.....rh....####....###.
...####.###...............##..###
##..###........K...##....####.###
##....#.......g.K..####..# #..#.
#.........>...K....# #..####....


You could see a kobold brigand (ally target), a gnoll, 2 kobolds, a friendly
guardian golem (summoned), a friendly hound (summoned, sheltered) and a friendly
quokka (summoned, sheltered).

Vanquished Creatures
  A bat (D:1)
1 creature vanquished.

Vanquished Creatures (collateral kills)
  A black bear (D:5)
  2 scorpions
  2 howler monkeys (D:6)
  A gnoll bouda (D:4)
  2 orc priests (D:6)
  An iguana (D:6)
  An orc wizard (D:6)
  14 gnolls
  6 adders
  2 dart slugs
  15 orcs
  3 endoplasms
  3 giant cockroaches
  7 goblins
  7 hobgoblins
  17 jackals
  6 quokkas
  6 ball pythons
  3 bats
  5 frilled lizards
  7 kobolds
  4 rats
115 creatures vanquished.

Vanquished Creatures (others)
  A gnoll sergeant (D:6)
  3 gnolls (D:6)
4 creatures vanquished.

Grand Total: 120 creatures vanquished

Notes
Turn   | Place    | Note
-------+----------+-------------------------------------------
     0 | D:1      | ChronoRanger the Felid Summoner began the quest for the
                  | Orb.
     0 | D:1      | Reached XP level 1. HP: 7/7 MP: 4/4
   280 | D:1      | Reached XP level 2. HP: 11/11 MP: 4/6
  1068 | D:1      | Found a faded altar of an unknown god.
  1323 | D:2      | Learned a level 2 spell: Call Imp
  1359 | D:2      | Reached XP level 3. HP: 14/14 MP: 6/8
  1363 | D:2      | Learned a level 3 spell: Call Canine Familiar
  2971 | D:3      | Reached XP level 4. HP: 18/18 MP: 5/9
  2975 | D:3      | Learned a level 3 spell: Summon Guardian Golem
  3471 | D:4      | Reached skill level 1 in Hexes
  3476 | D:4      | Reached skill level 5 in Summonings
  3507 | D:4      | Noticed a scorpion
  3524 | D:4      | Killed a scorpion
  3525 | D:4      | Reached skill level 1 in Fighting
  3525 | D:4      | Reached XP level 5. HP: 21/22 MP: 0/11
  4545 | D:4      | Gained mutation: You are covered in thick fur. (AC +2)
                  | [Felid growth]
  4545 | D:4      | Reached XP level 6. HP: 23/25 MP: 6/12
  4889 | D:4      | Identified the +10 dagger "Gicriherph" {venom, rPois rF+
                  | Str-2}
  4963 | D:5      | Entered Level 5 of the Dungeon
  5340 | D:5      | HP: 1/26 [black bear (6)]
  5341 | D:5      | Slain by a black bear
  5534 | D:5      | Found a glowing silver altar of Zin.
  5989 | D:6      | Found a runed translucent door.
  6049 | D:6      | Reached XP level 7. HP: 30/30 MP: 6/14
  6055 | D:6      | Learned a level 4 spell: Summon Lightning Spire
  6205 | D:6      | Slain by an orc warrior
  6256 | D:6      | Slain by an orc warrior
  6344 | D:6      | Reached skill level 5 in Dodging
  6410 | D:6      | Reached skill level 6 in Summonings
  6852 | D:6      | Found a radiant altar of Vehumet.
  6889 | D:6      | HP: 1/31 [poisoned by a kobold brigand]
  6890 | D:6      | Succumbed to a kobold brigand's poison

Illustrated notes

Levels and vault maps discovered:
D:1:      matt_arrival_spirals, layout_rooms,
          hellmonk_ecumenical_altar_pennies_from_heaven
D:2:      layout_basic
D:3:      minmay_chambers_of_threes, layout_rooms
D:4:      layout_basic, dreamdust_wishing_well
D:5:      layout_basic, lemuel_doored_altar
D:6:      layout_layer_cave, mainiacjoe_overflow_six_doors_small,
          ebering_ghost_sewer_d

Skill      XL: |  1  2  3  4  5  6  7 |
---------------+----------------------+-----
Spellcasting   | 3 4 |  4.4
Hexes          | 1 2 3 4 |  4.6
Summonings     | 5 6 |  6.0
Fighting       | 1 2 3 |  3.0
Dodging        | 3 4 5 |  5.1
Stealth        | |  2.6

Action                     |  1- 3 |  4- 6 |  7- 9 || total
---------------------------+-------+-------+-------++-------
  Melee: Unarmed           |     1 |       |       ||     1
   Cast: Summon Small Mamm |    75 |    46 |     6 ||   127
         Call Imp          |    16 |    37 |     9 ||    62
         Call Canine Famil |       |    19 |    13 ||    32
         Summon Guardian G |       |       |     7 ||     7
    Use: Scroll            |     5 |     2 |       ||     7
 Armour: Skin              |    16 |    17 |     6 ||    39
  Dodge: Dodged            |    42 |    40 |     6 ||    88

Table legend: (Time is in decaauts)
 A = Elapsed time spent in this place.
 B = Non-inter-level travel time spent in this place.
 C = Inter-level travel time spent in this place.
 D = Time resting spent in this place.
 E = Time spent auto-exploring this place.
 F = Levels seen in this place.
 G = Mean time per level.
                   A        B        C        D        E       F      G
               +--------+--------+--------+--------+--------+-----+--------+
         Total |   6099 |   5896 |    203 |    358 |   3889 |   6 | 1016.5 |
       Dungeon |   6099 |   5896 |    203 |    358 |   3889 |   6 | 1016.5 |
               +--------+--------+--------+--------+--------+-----+--------+

Top non-repeatable levels by time:
     D:2: 1247 daAuts
     D:4: 1168 daAuts
     D:1: 1015 daAuts
     D:3: 948 daAuts
     D:5: 911 daAuts
     D:6: 808 daAuts
